Map: Cyber Forest LE

Players

XaXa - Winner!

  • Race: Protoss Protoss
  • League: Diamond
  • Spawn Location: 5:00

Mez

  • Race: Terran Terran
  • League: Master
  • Spawn Location: 11:00

VOD

Have the link to the VOD?

Description

Time

  • Played on: Aug. 6, 2019, 4:01 p.m.
  • Length: 8:53
Show
View Real Time Build Order
Export as new Build Order

XaXa Protoss - Winner!

Build Orders:  

Get SALT Encoding   

  12  0:01  Probe  
  13  0:13  Probe  
  14  0:18  Pylon  
  14  0:23  Probe  
  15  0:32  Probe  
  15  0:38  Gateway  
  15  0:40  Probe  
  16  0:49  Assimilator  
  17  0:52  Probe  
  18  0:57  Assimilator  
  18  1:04  Probe  
  19  1:16  Probe  
  20  1:25  Cybernetics Core  
  20  1:29  Probe  
  21  1:35  Pylon  
  21  1:41  Probe  
  22  1:52  Adept  
  22  1:53  Probe  
  23  2:02  Warp Gate  
  23  2:04  Stargate  
  25  2:10  Gateway  
  25  2:16  Pylon  
  25  2:23  Adept  
  26  2:50  Fleet Beacon  
  26  2:53  Adept  
  26  2:56  Adept  
  30  3:08  Pylon  
  30  3:10  Probe  
  31  3:19  Tempest  
  36  3:50  Tempest  
  36  3:58  Zealot x2  
  45  4:05  Pylon  
  45  4:29  Tempest  
  45  4:30  Zealot x2  
  49  4:34  Pylon  
  54  4:56  Adept x2  
  54  4:59  Pylon  
  58  5:04  Tempest  
  63  5:27  Zealot, Pylon  
  65  5:45  Tempest  
  65  5:48  Shield Battery  
  70  6:11  Adept x2  
  74  6:22  Tempest, Shield Battery  
  79  6:58  Pylon  
  79  6:59  Pylon  
  79  7:07  Tempest  
  79  7:14  Shield Battery  
  84  7:26  Adept x2  
  88  7:48  Tempest  
  93  7:52  Shield Battery  
  93  7:54  Shield Battery  
  79  8:35  Zealot x2  
Show
View Real Time Build Order
Export as new Build Order

Mez Terran 

Build Orders: Reaper Expand 

Get SALT Encoding   

  12  0:00  SCV  
  13  0:13  SCV  
  14  0:17  Supply Depot  
  14  0:25  SCV  
  15  0:38  SCV  
  15  0:41  Barracks  
  16  0:44  Refinery  
  16  0:50  SCV  
  17  1:03  SCV  
  18  1:15  SCV  
  19  1:29  Reaper, Orbital Command  
  20  1:43  Command Center  
  20  1:54  Barracks  
  20  1:57  SCV  
  21  2:02  Barracks Reactor  
  21  2:09  Barracks  
  21  2:11  SCV  
  22  2:18  Supply Depot  
  22  2:23  SCV  
  23  2:39  SCV  
  23  2:40  Marine x2  
  23  2:41  Barracks Tech Lab  
  26  2:52  SCV  
  26  2:56  Orbital Command  
  26  2:57  Marine  
  28  2:59  Marine x2  
  30  3:07  Bunker, Engineering Bay  
  30  3:10  Concussive Shells, Marauder  
  32  3:16  Marine  
  32  3:17  Marine x2  
  35  3:22  SCV  
  35  3:23  SCV  
  36  3:35  Missile Turret  
  36  3:37  Missile Turret, Supply Depot  
  36  3:46  Factory  
  36  3:52  Marine x3  
  36  3:53  Marine  
  40  4:03  Refinery  
  40  4:06  Refinery  
  40  4:10  Marine  
  40  4:16  Marine  
  40  4:17  Marine x2  
  42  4:23  Missile Turret  
  44  4:24  SCV x2  
  44  4:30  Bunker  
  46  4:33  Factory Tech Lab  
  45  4:55  Armory, Combat Shield  
  45  5:05  SCV x2  
  46  5:38  Marine x3  
  46  5:55  Thor  
  49  6:10  Marine x2  
  49  6:11  Marine x2  
  53  6:25  Stimpack  
  51  6:26  SCV  
  51  6:28  Marine x3  
  51  6:30  Marine  
  54  6:38  SCV x2  
  53  6:46  Marine  
  54  6:47  Marine  
  54  6:50  Marine  
  54  6:54  Marine  
  52  7:02  SCV  
  52  7:04  Marine  
  54  7:20  Supply Depot  
  54  7:21  Supply Depot  
  49  7:41  Thor  
  49  7:44  Marine x3  
  55  7:55  SCV x2  
  54  7:59  Marine  
  54  8:01  Marine  
  54  8:02  Marine x2  
  57  8:07  SCV x2  
  59  8:17  Marine  
  59  8:19  SCV x2, Marine x2  
  51  8:20  Marine  
Tags
 
Add a new tag
Caveats
  • Supply blocks, unpowered buildings, or Contaminate may cause inaccurate times.
  • Supply counts are checked every 10 seconds.